 Dungeon Crawl Stone Soup version 0.30-a0-1160-g6e42c06551 (webtiles) character file.

Game seed: 6830584487251204340

379 Ahpoh the Slasher (level 6, -4/48 HPs)
             Began as a Vine Stalker Berserker on Apr 26, 2023.
             Was a Believer of Trog.
             Killed by divine providence
             ... invoked by an orc priest
              (12 damage)
             ... on level 4 of the Dungeon.
             The game lasted 00:08:15 (2800 turns).

Ahpoh the Slasher (Vine Stalker Berserker)          Turns: 2800, Time: 00:08:16

Health: -4/48      AC: 10    Str: 20    XL:     6   Next: 74%
Magic:  0/7        EV: 10    Int:  7    God:    Trog [**....]
Gold:   173        SH:  0    Dex: 15    Spells: 5/5 levels left

rFire   . . .        a - +0 falchion
rCold   . . .        (no shield)
rNeg    . . .        g - +0 scale mail
rPois   .            p - +0 helmet
rElec   .            (no cloak)
rCorr   .            i - +1 pair of gloves
SInv    .            (no boots)
Will    .....        (no amulet) Stlth
                     (no ring)
HPRegen 1.08/turn    (no ring)
MPRegen 0.10/turn

%: guardian spirit
@: berserking, very quick
A: fangs 2, regeneration 1, magic shield, antimagic bite, no potion heal 2
a: Renounce Religion, Berserk, Trog's Hand


You were on level 4 of the Dungeon.
You worshipped Trog.
Trog was pleased with you.
You visited 1 branch of the dungeon, and saw 4 of its levels.

You collected 173 gold pieces.

Inventory:

Hand Weapons
 a - a +0 falchion (weapon)
Armour
 g - a +0 scale mail (worn)
 i - a +1 pair of gloves (worn)
 p - a +0 helmet (worn)
Jewellery
 h - an amulet of faith
 o - a +6 ring of strength
Scrolls
 b - a scroll of fog {unknown}
 c - 4 scrolls of identify {unknown}
 d - 2 scrolls of fear {unknown}
 j - a scroll of noise {unknown}
 k - a scroll of poison {unknown}
 r - a scroll of enchant weapon {unknown}
Potions
 e - 2 potions of lignification {unknown}
 f - 2 potions of haste {unknown}
 l - a potion of magic {unknown}
 m - a potion of brilliance {unknown}
 n - a potion of curing {unknown}
 q - a potion of mutation {unknown}


   Skills:
 + Level 3.5 Fighting
 + Level 4.9 Long Blades
 + Level 2.9 Armour
 + Level 2.6 Dodging
 + Level 1.2 Stealth


You had 5 spell levels left.
You didn't know any spells.
Your spell library was empty.

Dungeon Overview and Level Annotations

Branches:
Dungeon (4/15)
 Temple: D:4-7

Altars:
Fedhas
Yredelemnul


Innate Abilities, Weirdness & Mutations

You have extremely sharp teeth.
Your natural rate of healing is unusually fast.
When hurt, damage is shared between your health and your magic reserves.
Your bite disrupts and absorbs the magic of your enemies.
Potions cannot restore your health.


Message History

The orc wizard hits you but does no damage.
The orc priest closely misses you.
You closely miss the orc priest. Your bite misses the orc priest.
The orc wizard barely misses you.
The orc priest calls down the wrath of Beogh upon you.
Beogh smites you!
* * * LOW HITPOINT WARNING * * *
The orc priest hits you but does no damage.
You hit the orc wizard. Your bite misses the orc wizard.
The orc wizard is heavily wounded.
The orc priest hits you with a +0 morningstar.
* * * LOW HITPOINT WARNING * * *
The orc priest calls upon Beogh to heal the orc wizard.
The orc wizard is healed somewhat.
The orc wizard hits you but does no damage.
You miss the orc priest. You bite the orc priest. You drain its power.
You feel invigorated.
The orc priest is lightly wounded.
The orc wizard hits you but does no damage.
The orc priest barely misses you.
The orc priest casts a cantrip, but nothing happens.
You hit the orc wizard.
The orc wizard is heavily wounded.
You feel less confused. The orc wizard casts a spell at you.
The puff of flame hits you.
* * * LOW HITPOINT WARNING * * *
The orc priest hits you but does no damage. x2
A red film seems to cover your vision as you go berserk!
You feel yourself moving faster!
You feel mighty!
The orc wizard hits you with a +0 dagger.
The orc priest barely misses you.
The orc priest hits you but does no damage.
You barely miss the orc wizard. Your bite misses the orc wizard.
The orc wizard is heavily wounded.
You miss the orc wizard.
The orc wizard is heavily wounded.
The orc priest calls down the wrath of Beogh upon you.
Beogh smites you!
You die...

##.####...........#
...#[....#........ ###
......# #.......####...
.##...## #...[.....#....
.####..###..............
###....##...............
###.................P...
##.............o...P....
............<..o@...P..$
............##.o....P...
.......##..##.>.........
......###.....#...##....
...... ##....##..# ..^.
...... ##......... ...
...... #.####..... ..
.... .. #####. .... #.
..


You could see 2 orc priests and an orc wizard.

Vanquished Creatures
  A phantom (D:4)
  A scorpion (D:4)
  A bullfrog skeleton (D:4)
  A scorpion zombie (D:4)
  2 orc wizards (D:3)
  Terence (D:2)
  A hound zombie (D:4)
  2 adders
  An adder skeleton (D:4)
  2 adder zombies (D:4)
  A worm (D:2)
  A dart slug (D:1)
  5 orcs
  9 bats
  3 endoplasms
  4 giant cockroaches
  6 goblins
  9 hobgoblins
  3 quokkas
  3 ball pythons
  5 frilled lizards
  3 kobolds
  2 rats (D:1)
  A spectral orc (D:3)
68 creatures vanquished.

Notes
Turn   | Place    | Note
-------+----------+-------------------------------------------
     0 | D:1      | Ahpoh the Vine Stalker Berserker began the quest for the
                  | Orb.
     0 | D:1      | Reached XP level 1. HP: 11/11 MP: 2/2
   199 | D:1      | Reached XP level 2. HP: 14/16 MP: 3/3
   236 | D:1      | Reached skill level 3 in Long Blades
   740 | D:1      | Reached XP level 3. HP: 14/20 MP: 4/4
  1167 | D:2      | Noticed Terence
  1173 | D:2      | Killed Terence
  1211 | D:2      | Gained mutation: Your natural rate of healing is unusually
                  | fast. [Vine Stalker growth]
  1211 | D:2      | Reached XP level 4. HP: 24/24 MP: 5/5
  1451 | D:2      | Found a blossoming altar of Fedhas.
  1531 | D:2      | Reached ** piety under Trog
  1662 | D:3      | Found a basalt altar of Yredelemnul.
  2448 | D:4      | Reached skill level 1 in Stealth
  2462 | D:4      | Noticed a phantom
  2490 | D:4      | Killed a phantom
  2491 | D:4      | Reached skill level 4 in Long Blades
  2491 | D:4      | Reached XP level 5. HP: 28/28 MP: 6/6
  2559 | D:4      | Reached XP level 6. HP: 32/32 MP: 7/7
  2800 | D:4      | Killed from afar by an orc priest

Illustrated notes

Levels and vault maps discovered:
D:1:      minmay_arrival_four_loops, layout_loops_ring, grunt_decor_junction
D:2:      layout_loops_cross, basic_altar, uniq_terence
D:3:      layout_basic, yredelemnul_forgotten_temple_becter,
          kennysheep_generic_room_10
D:4:      layout_cave_pools, kennysheep_mini, serial_undead, serial_undead_a,
          serial_undead_f, serial_undead_b, serial_undead_f

Skill      XL: |  1  2  3  4 |
---------------+-------------+-----
Long Blades    | 3 4 |  4.9
Fighting       | 3 |  3.5
Dodging        | 2 |  2.6
Armour         | 2 |  2.9
Stealth        | 1 |  1.2

Action                     |  1- 3 |  4- 6 || total
---------------------------+-------+-------++-------
  Melee: Falchion          |    94 |   142 ||   236
         Bite              |    21 |    36 ||    57
         Punch             |       |     1 ||     1
 Invoke: Berserk           |     1 |     2 ||     3
   Stab: Sleeping          |     1 |       ||     1
 Armour: Animal skin       |    23 |       ||    23
         Scale mail        |     1 |    88 ||    89
  Dodge: Dodged            |    68 |    70 ||   138

Table legend: (Time is in decaauts)
 A = Elapsed time spent in this place.
 B = Non-inter-level travel time spent in this place.
 C = Inter-level travel time spent in this place.
 D = Time resting spent in this place.
 E = Time spent auto-exploring this place.
 F = Levels seen in this place.
 G = Mean time per level.
                   A        B        C        D        E       F      G
               +--------+--------+--------+--------+--------+-----+--------+
         Total |   2851 |   2789 |     62 |     92 |   1886 |   4 |  712.8 |
       Dungeon |   2851 |   2789 |     62 |     92 |   1886 |   4 |  712.8 |
               +--------+--------+--------+--------+--------+-----+--------+

Top non-repeatable levels by time:
     D:1: 1030 daAuts
     D:3: 817 daAuts
     D:2: 619 daAuts
     D:4: 383 daAuts
